Map: Torches LE

Players

IIIIIIIIIIII

  • Race: Terran Terran
  • League: Grandmaster
  • Spawn Location: 1:00

GamerNico - Winner!

  • Race: Terran Terran
  • League: Grandmaster
  • Spawn Location: 5:00

VOD

Have the link to the VOD?

Description

Time

  • Played on: July 29, 2025, 11:57 a.m.
  • Length: 10:14
Show
View Real Time Build Order
Export as new Build Order

IIIIIIIIIIII Terran 

Build Orders:  

Get SALT Encoding   

  12  0:00  SCV  
  13  0:12  SCV  
  14  0:17  Supply Depot  
  14  0:24  SCV  
  14  0:27  Refinery  
  15  0:38  SCV  
  16  0:44  Barracks  
  16  0:50  SCV  
  16  0:54  Refinery  
  17  1:02  SCV  
  18  1:15  SCV  
  19  1:30  Orbital Command  
  19  1:31  Reaper  
  20  1:34  Factory  
  20  1:42  Supply Depot  
  20  1:56  SCV  
  21  2:03  Barracks Reactor  
  21  2:08  SCV  
  22  2:17  Hellion  
  22  2:20  SCV  
  25  2:24  Command Center  
  25  2:28  Supply Depot  
  25  2:33  SCV  
  26  2:46  Hellion x2  
  26  2:48  Reaper  
  26  2:50  SCV  
  32  2:55  Starport  
  32  3:02  SCV  
  33  3:07  Hellion  
  33  3:08  Hellion  
  37  3:14  SCV  
  38  3:20  Barracks Tech Lab  
  38  3:26  SCV  
  39  3:37  Orbital Command  
  39  3:40  Viking x2  
  43  3:48  Refinery, Siege Tank  
  40  3:57  SCV  
  40  4:03  SCV  
  40  4:09  SCV  
  40  4:14  Viking x2  
  40  4:15  SCV  
  45  4:21  SCV  
  45  4:22  Supply Depot  
  46  4:27  SCV  
  46  4:29  Siege Tank  
  50  4:33  SCV  
  50  4:39  SCV  
  50  4:42  Supply Depot  
  50  4:43  Supply Depot  
  50  4:44  Refinery, Liberator  
  54  4:54  SCV x2  
  54  5:07  SCV x2  
  54  5:09  Siege Tank  
  57  5:16  Engineering Bay  
  57  5:19  SCV  
  58  5:24  SCV  
  58  5:26  Viking  
  58  5:27  Viking  
  63  5:31  SCV  
  63  5:34  Supply Depot, Factory  
  64  5:36  SCV  
  63  6:01  SCV  
  63  6:02  SCV  
  65  6:05  Supply Depot  
  65  6:06  Barracks Tech Lab  
  65  6:07  Liberator x2  
  68  6:28  SCV  
  68  6:32  Command Center, Siege Tank  
  72  6:35  SCV  
  72  6:37  Siege Tank  
  72  6:39  Supply Depot  
  76  6:40  SCV  
  77  6:47  SCV  
  77  6:50  Viking  
  53  7:31  SCV x2  
  54  7:40  Viking x2  
  54  7:43  SCV x2  
  60  7:46  Orbital Command  
  60  7:51  Siege Tank x2  
  66  7:55  SCV x2  
  68  8:07  SCV x2  
  68  8:10  Viking x2  
  68  8:11  SCV  
  75  8:19  SCV x2  
  77  8:23  SCV, Siege Tank  
  84  8:30  Orbital Command  
  84  8:31  SCV  
  83  8:40  Liberator x2  
  86  8:45  SCV x2  
  85  8:55  Factory Tech Lab  
  85  8:57  SCV x2  
  85  9:02  Orbital Command  
  87  9:08  SCV  
  88  9:15  SCV  
  89  9:21  SCV  
  89  9:23  Viking x2  
  86  9:27  SCV  
  84  9:38  Siege Tank x2  
  84  9:44  SCV  
  84  9:45  SCV  
Show
View Real Time Build Order
Export as new Build Order

GamerNico Terran - Winner!

Build Orders:  

Get SALT Encoding   

  12  0:00  SCV  
  13  0:12  SCV  
  14  0:17  Supply Depot  
  14  0:24  SCV  
  15  0:38  SCV  
  15  0:39  Barracks  
  16  0:43  Refinery  
  16  0:50  SCV  
  16  0:52  Refinery  
  17  1:02  SCV  
  18  1:15  SCV  
  19  1:26  Reaper  
  19  1:27  Orbital Command, Supply Depot  
  20  1:41  Factory  
  20  1:53  SCV  
  21  1:58  Barracks Reactor  
  21  2:05  SCV  
  22  2:17  SCV  
  23  2:28  Factory Tech Lab  
  23  2:31  SCV, Command Center  
  23  2:34  Marine  
  25  2:37  Marine  
  25  2:43  SCV  
  27  2:47  Siege Tank  
  30  2:52  Supply Depot  
  30  2:56  SCV  
  31  3:05  Starport  
  31  3:13  Marine x2  
  31  3:14  SCV  
  34  3:21  Siege Tank  
  34  3:26  SCV  
  38  3:32  Marine  
  39  3:41  Starport Tech Lab  
  39  3:43  Marine, SCV  
  39  3:44  Orbital Command  
  40  3:58  SCV  
  40  3:59  Marine  
  40  4:00  Raven, Siege Tank  
  40  4:01  Marine  
  48  4:10  SCV x2  
  48  4:13  Refinery  
  48  4:15  Supply Depot  
  50  4:20  Marine  
  50  4:21  Marine  
  50  4:22  Interference Matrix  
  50  4:23  SCV  
  53  4:25  SCV  
  54  4:36  SCV  
  54  4:37  SCV, Raven  
  58  4:39  Marine x2  
  60  4:49  SCV x2  
  56  5:01  SCV  
  56  5:05  Marine x2, Siege Tank  
  59  5:09  SCV  
  59  5:12  Command Center  
  59  5:13  SCV  
  61  5:21  SCV  
  61  5:24  Refinery  
  61  5:28  Supply Depot x2  
  62  5:35  Stimpack  
  62  5:38  Medivac x2, Marine, SCV  
  68  5:48  SCV  
  69  5:50  SCV, Siege Tank  
  73  6:02  SCV  
  73  6:03  SCV  
  73  6:11  Viking, Marine  
  74  6:12  Viking  
  78  6:18  SCV x2  
  78  6:21  Barracks x2  
  78  6:22  Engineering Bay  
  78  6:24  Engineering Bay  
  80  6:25  Orbital Command  
  80  6:31  SCV x2  
  82  6:33  Marine  
  83  6:49  SCV x2  
  83  6:50  Terran Infantry Weapons Level 1  
  83  6:51  Marine, Terran Infantry Armor Level 1  
  83  6:52  Siege Tank  
  89  6:55  Medivac x2  
  89  6:57  Orbital Command  
  93  7:09  SCV x2  
  93  7:13  Barracks Reactor x2  
  91  7:29  Marine  
  86  7:30  Siege Tank  
  86  7:31  SCV x2  
  86  7:36  Viking x2  
  95  7:39  SCV  
  95  7:43  SCV x2  
  98  7:45  Barracks  
  98  7:48  Barracks  
  98  7:50  Marine x5  
  97  7:51  SCV  
  97  7:55  SCV x2  
  100  8:03  Supply Depot x2  
  100  8:04  SCV, Armory  
  101  8:06  Refinery  
  101  8:24  SCV x3, Siege Tank  
  104  8:31  Marine x2  
  104  8:32  Marine  
  104  8:36  SCV x3  
  107  8:47  Viking x2  
  107  8:48  Barracks Tech Lab x2, SCV x2  
  111  8:50  Missile Turret x2  
  111  8:52  Barracks  
  111  8:54  Barracks  
  109  8:56  Barracks  
  109  8:57  Marine x2  
  109  8:58  Marine x2  
  109  9:02  SCV x2  
  111  9:08  Marine  
  111  9:09  Marauder x2  
  116  9:14  SCV  
  117  9:23  SCV, Siege Tank  
  117  9:34  Viking  
  117  9:37  SCV  
  116  9:45  Marine  
  116  9:46  Refinery  
  116  9:49  Missile Turret, Barracks Tech Lab x3  
  117  9:53  Marine x2  
Tags
 
Add a new tag
Caveats
  • Supply blocks, unpowered buildings, or Contaminate may cause inaccurate times.
  • Supply counts are checked every 10 seconds.